 Dungeon Crawl Stone Soup version 0.30-a0-605-gb2882149bf (webtiles) character file.

Game seed: 2520211882616756469

40 spardeous the Ducker (level 3, -3/14 HPs)
             Began as a Felid Earth Elementalist on Jan 7, 2023.
             Succumbed to a kobold brigand's poison
             ... in a sewer.
             The game lasted 00:02:21 (507 turns).

spardeous the Ducker (Felid Earth Elementalist)      Turns: 507, Time: 00:02:21

Health: -3/14      AC:  1    Str:  4    XL:     3   Next: 30%
Magic:  5/7        EV: 18    Int: 18    God:
Gold:   0          SH:  0    Dex: 16    Spells: 5/6 levels left
                                        Lives:  0   Deaths: 0

rFire   . . .      SeeInvis +    (weapon unavailable)
rCold   . . .      Faith    .    (shield unavailable)
rNeg    . . .      Spirit   .    (body armour unavailable)
rPois   .          Reflect  .    (helmet unavailable)
rElec   .          Harm     .    (cloak unavailable)
rCorr   .          Rampage  .    (gloves unavailable)
Will    .....                    (boots unavailable)
Stlth   +                        (no amulet)
HPRegen 0.22/turn                (no ring)
MPRegen 0.10/turn                (no ring)

@: lethally poisoned (-3 -> -22), very slow
A: very small, claws 1, fangs 3, see invisible, speed 1, shaggy fur 1, stealthy
paws, no weapons or thrown items, no armour, multi-lived
a: no special abilities


You were in a sewer.
You visited 1 branch of the dungeon, and saw 3 of its levels.
You also visited: Sewer.

Inventory:

Scrolls
 d - a scroll of summoning {unknown}
 e - a scroll of teleportation {unknown}
Potions
 a - a potion of magic
 b - a potion of flight {unknown}
 c - a potion of curing {unknown}


   Skills:
 + Level 4.0 Dodging
 - Level 2.6 Stealth
 - Level 2.0 Spellcasting
 - Level 1.1 Transmutations
 + Level 3.4 Earth Magic


You had 5 spell levels left.
You knew the following spells:

 Your Spells              Type           Power      Damage    Failure   Level
a - Sandblast             Erth           28%        2d8       4%          1

Your spell library contained the following spells:

 Spells                   Type           Power      Damage    Failure   Level
 Passwall                 Tmut/Erth      7%         N/A       11%         2
 Stone Arrow              Conj/Erth      14%        3d7       26%         3
 Petrify                  Tmut/Erth      9%         N/A       56%         4


Dungeon Overview and Level Annotations

Branches:
Dungeon (3/15)              Sewer (1/1)

Altars:
Trog

Annotations:
D:3 Ijyb


Innate Abilities, Weirdness & Mutations

You have sharp claws.
You have razor-sharp teeth.
You have supernaturally acute eyesight. (SInv)
You cover ground quickly. (Speed+)
You are covered in fur. (AC +1)
Your paws help you pounce on unaware monsters.
You are incapable of wielding weapons or throwing items.
You cannot wear armour.
You gain extra lives every three experience levels.


Message History

A kobold brigand comes into view.
It is wielding a +0 short sword and quivering poisoned darts.
The jackal misses you.
Casting: Sandblast (safe; 4% risk of failure)
Confirm with . or Enter, or press ? or * to list all spells.
Aiming: Sandblast (safe; 4% risk of failure)
Press: ? - help, Shift-Dir - straight line, f/p - jackal
Aim: a jackal (almost dead, 77% to hit)
The blast of sand hits the jackal.
You kill the jackal!
Casting: Sandblast (safe; 4% risk of failure)
Confirm with . or Enter, or press ? or * to list all spells.
Aiming: Sandblast (safe; 4% risk of failure)
Press: ? - help, Shift-Dir - straight line, f - kobold
Aim: a kobold, wielding a +0 club and quivering stones (77% to hit)
The blast of sand hits the kobold.
You kill the kobold!
You hear a splash. x2
A kobold brigand comes into view.
It is wielding a +0 dagger and quivering poisoned darts.
You enter the shallow water.
Moving in this stuff is going to be slow.
The kobold brigand throws a poisoned dart.
The poisoned dart hits you!
You are poisoned.
You feel very sick.
You feel sick.
You feel sick.
You feel sick.
You feel sick.
You are no longer poisoned.
The kobold brigand throws a poisoned dart.
The poisoned dart hits you!
You are lethally poisoned!
* * * LOW HITPOINT WARNING * * *
You feel very sick.
The kobold brigand throws a poisoned dart.
The poisoned dart closely misses you.
The kobold brigand throws a poisoned dart.
The poisoned dart hits you!
You are more poisoned.
You die...

#....K..# #~.~~~~.# #.~≈≈≈~.#
#K)≈≈≈~.# #.~≈≈≈~.# #~~~≈~~.#
#..~≈~..#
########################K.~≈~~.#
.....~~~~~~~~~~~@~~~~~~~~~~≈h.~#
########################~.~≈~..#
##.~≈~~## .~≈~.# .≈≈~.# .~≈~..∩
.~≈~.## ≈~.#


There were no monsters in sight!

Vanquished Creatures
  2 river rats
  A worm (D:3)
  A ball python (D:2)
  A giant cockroach (D:3)
  A hobgoblin (D:3)
  5 jackals
  A kobold (Sewer)
  A quokka (D:2)
  2 bats (D:2)
  A frilled lizard (D:2)
  2 rats (Sewer)
18 creatures vanquished.

Vanquished Creatures (others)
  18 plants (D:3)
18 creatures vanquished.

Grand Total: 36 creatures vanquished

Notes
Turn   | Place    | Note
-------+----------+-------------------------------------------
     0 | D:1      | spardeous the Felid Earth Elementalist began the quest for
                  | the Orb.
     0 | D:1      | Reached XP level 1. HP: 7/7 MP: 4/4
     7 | D:1      | You fall into a shaft and drop 1 floor!
    77 | D:3      | Found a bloodstained altar of Trog.
   159 | D:3      | Reached skill level 3 in Dodging
   180 | D:3      | Noticed Ijyb
   247 | D:2      | Reached XP level 2. HP: 5/11 MP: 4/6
   294 | D:3      | Found a glowing drain.
   312 | Sewer    | Entered a sewer
   387 | Sewer    | Reached skill level 4 in Dodging
   387 | Sewer    | Reached XP level 3. HP: 14/14 MP: 0/7
   496 | Sewer    | Noticed a kobold brigand
   498 | Sewer    | Noticed a kobold brigand
   507 | Sewer    | Succumbed to a kobold brigand's poison

Illustrated notes

Levels and vault maps discovered:
D:1:      wander_arrival_abandoned_jail, layout_loops_ring
D:2:      layout_rooms, uniq_sigmund
D:3:      layout_rooms, mainiacjoe_overflow_cross_hatched,
          general_overflow_altar, nicolae_hepliaklqana_hazy_memory,
          portal_sewer_entry_a, uniq_ijyb, uniq_robin
Sewer:    sewer_kobolds

Skill      XL: |  1  2 |
---------------+-------+-----
Dodging        | 3 4 |  4.0
Earth Magic    | 3 |  3.4
Stealth        | |  2.6
Spellcasting   | |  2.0
Transmutations | |  1.1

Action                   || total
-------------------------++-------
Melee: Unarmed           ||    14
       Bite              ||     1
 Cast: Sandblast         ||    35
 Stab: Sleeping          ||     1
Armor: Skin              ||     6
Dodge: Dodged            ||    65

Table legend: (Time is in decaauts)
 A = Elapsed time spent in this place.
 B = Non-inter-level travel time spent in this place.
 C = Inter-level travel time spent in this place.
 D = Time resting spent in this place.
 E = Time spent auto-exploring this place.
 F = Levels seen in this place.
 G = Mean time per level.
                   A        B        C        D        E       F      G
               +--------+--------+--------+--------+--------+-----+--------+
         Total |    488 |    485 |      3 |      0 |    193 |   4 |  122.0 |
       Dungeon |    284 |    281 |      3 |      0 |     47 |   3 |   94.7 |
         Sewer |    204 |    204 |      0 |      0 |    145 |   1 |  204.0 |
               +--------+--------+--------+--------+--------+-----+--------+

Top non-repeatable levels by time:
   Sewer: 204 daAuts
     D:3: 169 daAuts
     D:2: 106 daAuts
     D:1: 7 daAuts
